 Dungeon Crawl Stone Soup version 0.30.0-10-gfe55d96785 (webtiles) character file.

Game seed: 2031765145559522961

300 Byczy the Caller (level 6, -2/33 HPs)
             Began as a Deep Elf Summoner on May 15, 2023.
             Slain by a sleepcap (6 damage)
             ... on level 4 of the Dungeon.
             The game lasted 00:16:45 (3247 turns).

Byczy the Caller (Deep Elf Summoner)                Turns: 3247, Time: 00:16:46

Health: -2/33      AC:  3    Str:  5    XL:     6   Next: 13%
Magic:  4/15       EV: 12    Int: 22    God:
Gold:   152        SH:  0    Dex: 11    Spells: 9/15 levels left

rFire   . . .        q - +10 spear of Objectivity {speed, rN+ Will+ Dex-4 Stlth+}
rCold   + . .        (no shield)
rNeg    + . .        p - +1 robe {rC+}
rPois   .            (no helmet)
rElec   .            (no cloak)
rCorr   .            (no gloves)
SInv    .            (no boots)
Will    +....        (no amulet)
Stlth   +++          (no ring)
HPRegen 0.25/turn    (no ring)
MPRegen 0.14/turn

%: no passive effects
@: no status effects
A: no striking features
a: no special abilities


You were on level 4 of the Dungeon.
You visited 1 branch of the dungeon, and saw 4 of its levels.

You collected 152 gold pieces.

Inventory:

Hand Weapons
 g - a +0 vampiric dagger
 n - a +3 whip
 q - the +10 spear of Objectivity (weapon) {speed, rN+ Will+ Dex-4 Stlth+}
   (You found it on level 2 of the Dungeon)

   Dex:       It affects your dexterity (-4).
   rN:        It protects you from negative energy.
   Will:      It increases your willpower.
   Stlth:     It makes you more stealthy.
Armour
 a - a +1 robe
 p - a +1 robe of cold resistance (worn)
 r - the +0 robe of Uskayaw's Castigation {Harm *Slow Str+7}
   (You found it on level 3 of the Dungeon)

   Str:       It affects your strength (+7).
   *Slow:     It may slow you when you take damage.
   Harm:      It increases damage dealt and taken.
Scrolls
 e - a scroll of enchant armour
 f - 2 scrolls of teleportation {unknown}
 k - 2 scrolls of immolation {unknown}
 m - 3 scrolls of identify
 s - a scroll of blinking {unknown}
 t - a scroll of silence {unknown}
 u - a scroll of brand weapon {unknown}
Potions
 b - a potion of magic
 c - a potion of degeneration {unknown}
 d - 2 potions of heal wounds
 h - a potion of curing {unknown}
 i - a potion of haste {unknown}
 j - a potion of berserk rage {unknown}
 l - a potion of lignification {unknown}
 o - a potion of might {unknown}


   Skills:
 + Level 0.3 Fighting
 + Level 0.1 Short Blades
 + Level 0.9 Polearms
 + Level 2.8 Dodging
 + Level 2.6 Stealth
 + Level 0.2 Unarmed Combat
 + Level 5.0 Spellcasting
 + Level 0.1 Hexes
 + Level 6.8 Summonings


You had 9 spell levels left.
You knew the following spells:

 Your Spells              Type           Power      Damage    Failure   Level
a - Summon Small Mammal   Summ           100%       N/A       1%          1
b - Call Imp              Summ           70%        N/A       1%          2
c - Summon Guardian Gole  Hex/Summ       20%        N/A       8%          3

Your spell library contained the following spells:

 Spells                   Type           Power      Damage    Failure   Level
 Call Canine Familiar     Summ           35%        N/A       1%          3
 Beastly Appendage        Tmut           10%        N/A       10%         1
 Lesser Beckoning         Tloc           10%        N/A       16%         2
 Wereblood                Tmut           5%         N/A       16%         2
 Summon Lightning Spire   Summ/Air       20%        N/A       24%         4
 Gell's Gravitas          Tloc           5%         N/A       30%         3
 Spider Form              Tmut/Pois      5%         N/A       30%         3
 Teleport Other           Tloc           5%         N/A       30%         3


Dungeon Overview and Level Annotations

Branches:
Dungeon (4/15)
 Temple: D:4-7

Altars:
Ru
Wu Jian


Message History

Your quokka bites the orc but does no damage.
Your cerulean imp barely misses the orc.
The orc hits your cerulean imp but does no damage.
Your quokka bites the orc.
The orc dies!
Unknown command.
An orc comes into view. It is wielding a +0 club.
There is an open door here.
Your cerulean imp completely misses the orc.
Your quokka misses the orc.
Your quokka bites the orc.
Your cerulean imp hits the orc from afar with a -1 spear.
Your quokka disappears in a puff of smoke!
A sleepcap comes into view.
The orc attacks as you move away! The orc hits you but does no damage.
A hobgoblin comes into view.
Your cerulean imp hits the orc from afar with a -1 spear.
The orc attacks as you move away! The orc hits you with a +0 club.
Casting: Call Imp (safe; 1% risk of failure)
Confirm with . or Enter, or press ? or * to list all spells.
The orc closely misses you.
Your cerulean imp barely misses the orc.
Casting: Summon Small Mammal (safe; 1% risk of failure)
Confirm with . or Enter, or press ? or * to list all spells.
The orc barely misses you.
Your cerulean imp misses the orc.
You puncture the orc!
You kill the orc!
The sleepcap releases spores at you.
You hit the sleepcap.
The sleepcap is lightly damaged.
The sleepcap releases spores at you.
You are engulfed in a cloud of soporific spores!
You fall asleep.
Your quokka bites the sleepcap.
Your cerulean imp hits the sleepcap from afar with a -1 spear.
The sleepcap releases spores at you!
You wake up.
* * * LOW HITPOINT WARNING * * *
Your quokka bites the sleepcap but does no damage.
The sleepcap attacks as you move away! The sleepcap releases spores at you.
You die...

##.....'..'###†###+
#......#..#.'...'.#
##......#..#.#)..#.#
#.......'##'.#._.# +
##.......#..#.#...#.#
#........#..#.'...'.#.
#.......'..'###'###'.
#......#..#.......#.
##r@)..#..#.).5...#
#fr5..###'###'###+
#..#...........#
#..###.....###### ..##
###..## ... #### ..g
..


You could see a sleepcap (ally target), a hobgoblin (asleep), a friendly
cerulean imp (summoned) and 2 friendly quokkas.

Vanquished Creatures
  A scorpion (D:4)
  Jessica (D:2)
  An iguana (D:4)
  An orc wizard (D:3)
  An ufetubus (D:3)
  A dart slug (D:3)
  4 orcs
  An endoplasm (D:3)
  3 quokkas
  A bat (D:1)
  A goblin (D:4)
  2 rats (D:3)
18 creatures vanquished.

Vanquished Creatures (collateral kills)
  3 gnolls (D:2)
  2 adders (D:2)
  A worm (D:2)
  2 dart slugs
  8 orcs
  4 endoplasms
  2 giant cockroaches
  A goblin (D:1)
  4 hobgoblins
  3 jackals (D:1)
  8 kobolds
  3 quokkas
  A ball python (D:2)
  2 bats
  3 frilled lizards
  3 rats
50 creatures vanquished.

Vanquished Creatures (others)
  A sleepcap (D:4)
  An ufetubus (D:4)
2 creatures vanquished.

Grand Total: 70 creatures vanquished

Notes
Turn   | Place    | Note
-------+----------+-------------------------------------------
     0 | D:1      | Byczy the Deep Elf Summoner began the quest for the Orb.
     0 | D:1      | Reached XP level 1. HP: 10/10 MP: 6/6
   321 | D:1      | Reached XP level 2. HP: 15/15 MP: 6/8
   419 | D:1      | Learned a level 2 spell: Call Imp
   925 | D:1      | Reached skill level 5 in Summonings
  1472 | D:2      | Reached XP level 3. HP: 19/19 MP: 6/9
  1572 | D:3      | Learned a level 3 spell: Summon Guardian Golem
  1887 | D:2      | Reached XP level 4. HP: 18/24 MP: 8/11
  2106 | D:2      | Found a faded altar of an unknown god.
  2247 | D:2      | Noticed Jessica
  2261 | D:2      | Killed Jessica
  2262 | D:2      | Reached skill level 6 in Summonings
  2264 | D:2      | Identified the +10 spear of Objectivity {speed, rN+ Will+
                  | Dex-4 Stlth+}
  2448 | D:3      | Identified the +0 robe of Uskayaw's Castigation {Harm *Slow
                  | Str+7}
  2698 | D:3      | Reached XP level 5. HP: 25/28 MP: 9/13
  2709 | D:3      | Found an ornate altar of the Wu Jian Council.
  3155 | D:4      | Found a sacrificial altar of Ru.
  3185 | D:4      | Reached skill level 5 in Spellcasting
  3185 | D:4      | Reached XP level 6. HP: 16/33 MP: 3/15
  3247 | D:4      | Slain by a sleepcap

Illustrated notes

Levels and vault maps discovered:
D:1:      lightli_arrival_statue_moat, layout_loops_ring, minivault_23,
          minmay_misc_feat_columns
D:2:      layout_basic, shapermc_ecumenical_altar_totnotflames, uniq_jessica
D:3:      layout_rooms, nzn_wu_jian_contemplation
D:4:      layout_cave_pods, mainiacjoe_overflow_24_doors,
          chequers_ossuary_entry_cave, hex_large, uniq_menkaure

Skill      XL: |  1  2  3  4  5 |
---------------+----------------+-----
Summonings     | 5 6 |  6.8
Spellcasting   | 4 5 |  5.0
Fighting       | |  0.3
Short Blades   | |  0.1
Polearms       | |  0.9
Dodging        | |  2.8
Stealth        | |  2.6
Unarmed Combat | |  0.2
Hexes          | |  0.1

Action                     |  1- 3 |  4- 6 || total
---------------------------+-------+-------++-------
  Melee: Unarmed           |    62 |       ||    62
         Punch             |     1 |       ||     1
         Dagger            |     6 |     5 ||    11
         Spear             |       |    30 ||    30
   Cast: Summon Small Mamm |    52 |    38 ||    90
         Call Imp          |     9 |    18 ||    27
         Summon Guardian G |       |     2 ||     2
    Use: Scroll            |     3 |       ||     3
   Stab: Distracted        |     1 |       ||     1
         Sleeping          |     1 |       ||     1
 Armour: Robe              |    22 |    11 ||    33
  Dodge: Dodged            |    68 |    29 ||    97
